Map: Kairos Junction LE

Players

South

  • Race: Terran Terran
  • League: Platinum
  • Spawn Location: 11:00

Parkkatz - Winner!

  • Race: Zerg Zerg
  • League: Platinum
  • Spawn Location: 5:00

VOD

Have the link to the VOD?

Description

Time

  • Played on: July 3, 2019, 1:54 p.m.
  • Length: 18:18
Show
View Real Time Build Order
Export as new Build Order

South Terran 

Build Orders:  

Get SALT Encoding   

  12  0:00  SCV  
  13  0:13  SCV  
  14  0:17  Supply Depot  
  14  0:25  SCV  
  15  0:34  Refinery  
  15  0:39  SCV  
  16  0:45  Barracks  
  16  0:54  SCV  
  17  1:01  Barracks  
  17  1:06  SCV  
  18  1:12  Refinery  
  18  1:27  Engineering Bay  
  18  1:33  Reaper  
  18  1:39  Supply Depot  
  19  1:48  Reaper  
  20  1:57  Terran Infantry Weapons Level 1  
  20  2:07  Reaper  
  21  2:12  Orbital Command  
  21  2:20  Reaper  
  22  2:39  Reaper  
  23  2:59  Reaper  
  24  3:14  Reaper  
  24  3:17  Command Center  
  25  3:20  Factory  
  25  3:31  Reaper  
  26  3:50  Reaper  
  23  4:17  Barracks Reactor  
  20  4:27  Factory Reactor  
  20  4:29  Terran Infantry Armor Level 1  
  20  4:30  Starport  
  20  4:34  Barracks  
  20  4:42  Barracks Reactor  
  19  5:03  Hellion  
  19  5:04  Hellion, Marine  
  19  5:05  Marine  
  25  5:17  Medivac  
  27  5:25  Marine x4  
  29  5:38  Hellion  
  29  5:39  Hellion  
  33  5:43  Orbital Command  
  33  5:44  SCV  
  33  5:49  Marine x2  
  36  6:01  Liberator  
  36  6:04  SCV  
  36  6:05  Marine x2  
  36  6:07  Marine  
  38  6:16  SCV  
  39  6:18  Factory Tech Lab  
  39  6:23  Bunker  
  38  6:27  SCV  
  38  6:30  Barracks Tech Lab  
  38  6:32  Marine  
  32  6:41  Siege Tank  
  32  6:43  Marine  
  32  6:45  Marine  
  35  6:48  SCV  
  36  6:54  Bunker  
  36  7:06  SCV x2  
  30  7:36  SCV x2  
  30  7:41  Marine x4  
  34  7:47  Siege Tank  
  37  7:51  Starport Reactor  
  37  7:54  SCV x2  
  39  8:07  Marine  
  39  8:08  Marine x2  
  39  8:11  SCV x2  
  39  8:12  Marine  
  44  8:16  Marine  
  44  8:19  Stimpack  
  46  8:24  Barracks  
  46  8:26  Supply Depot  
  46  8:48  Siege Tank, SCV x2  
  46  9:27  SCV  
  46  9:28  SCV  
  46  9:30  Marine x4  
  46  9:31  Marauder  
  54  9:36  Supply Depot  
  54  9:39  Supply Depot  
  54  9:43  Engineering Bay  
  54  9:44  Armory  
  54  9:45  Barracks Tech Lab  
  54  9:53  Refinery  
  54  9:57  Command Center, Medivac x2  
  54  9:58  Supply Depot, Siege Tank, SCV  
  62  10:01  Supply Depot, SCV  
  63  10:09  Barracks  
  63  10:10  SCV  
  63  10:12  Marine x5  
  69  10:16  SCV  
  69  10:19  Combat Shield  
  69  10:20  Refinery, Marauder  
  72  10:23  Supply Depot  
  72  10:25  Supply Depot  
  72  10:30  Terran Infantry Weapons Level 2, Terran Infantry Armor Level 2  
  72  10:32  SCV x2  
  74  10:43  Marine x4  
  74  10:44  Marauder x2  
  74  10:45  SCV x2  
  87  10:50  Siege Tank  
  87  10:57  Barracks Reactor, SCV  
  62  11:43  Marine, SCV x2  
  62  11:44  Marine x4  
  62  11:45  Marine, Marauder x2  
  62  11:46  Siege Tank  
  77  11:50  Medivac x2  
  81  11:58  Supply Depot  
  81  11:59  Supply Depot x2  
  81  12:02  SCV x2  
  70  12:19  Marine x4  
  70  12:20  Marine x3  
  70  12:21  Marauder, SCV x2  
  71  12:33  SCV  
  71  12:35  SCV  
  73  12:38  Marauder  
  74  12:45  SCV  
  74  12:46  Marine x4  
  74  12:47  Marine x2, Marauder  
  74  12:48  SCV  
  84  12:58  SCV  
  85  13:00  SCV  
  85  13:10  SCV  
  85  13:12  SCV  
  74  13:18  Liberator  
  70  13:28  Planetary Fortress  
  70  13:30  SCV x2  
  70  13:33  Marine x6  
  70  13:34  Marine, Marauder  
  81  13:35  Siege Tank  
  81  13:40  Command Center  
  75  13:58  Marine x4  
  75  13:59  Marauder x2  
  75  14:00  Liberator  
  81  14:04  SCV x2  
  81  14:08  Marine x2  
  85  14:14  Siege Tank  
  85  14:16  Marine x2, SCV  
  95  14:28  Marine x5  
  99  14:31  SCV x2  
  101  14:41  Marine x3  
  101  14:43  SCV  
  105  14:47  Marauder  
  107  14:53  Planetary Fortress  
  102  15:14  Marine x3  
  102  15:15  Marine x2  
  102  15:16  Marine, Marauder x2  
  102  15:18  SCV  
  114  15:21  SCV  
  114  15:28  Refinery  
  114  15:30  Refinery  
  114  15:32  Reaper  
  114  15:34  Viking x2  
  119  15:42  Thor  
  125  15:44  Marine, SCV  
  71  16:16  Marine x3  
  71  16:17  Marine x4  
  59  16:34  Viking, Marine x2  
  59  16:35  Marine x4  
  52  16:50  Viking  
  52  16:52  Marine x3  
  52  16:53  Marine x2  
  52  16:54  Marine  
  41  17:04  Viking  
  40  17:10  Marine  
  40  17:20  Viking  
  33  17:34  Viking  
Show
View Real Time Build Order
Export as new Build Order

Parkkatz Zerg - Winner!

Build Orders: Hatch First 

Get SALT Encoding   

  12  0:00  Drone  
  13  0:13  Overlord  
  13  0:17  Drone  
  14  0:31  Drone x2  
  16  0:36  Drone  
  17  0:46  Drone  
  18  0:56  Hatchery  
  17  0:59  Extractor  
  17  1:00  Drone  
  17  1:15  Spawning Pool  
  17  1:17  Drone  
  17  1:21  Drone  
  18  1:29  Drone  
  19  1:39  Overlord  
  19  2:03  Queen  
  19  2:07  Zergling x4  
  23  2:10  Queen  
  23  2:12  Zergling x4  
  23  2:15  Metabolic Boost  
  27  2:19  Drone  
  28  2:45  Drone  
  28  2:46  Drone x4  
  33  2:52  Zergling x2  
  35  2:58  Drone  
  35  3:09  Zergling x2  
  36  3:19  Overlord x2  
  35  3:37  Queen x2  
  37  3:43  Zergling x2  
  37  3:44  Zergling x12  
  43  3:59  Zergling x10  
  42  4:29  Drone x4  
  42  4:30  Drone x3, Overlord  
  49  4:34  Extractor x2  
  49  4:37  Roach Warren  
  49  4:38  Evolution Chamber  
  45  4:48  Drone x3, Baneling Nest  
  45  4:49  Drone x2  
  49  5:03  Overlord x2  
  49  5:04  Spore Crawler  
  48  5:07  Spore Crawler  
  48  5:09  Lair  
  44  5:34  Roach x2  
  44  5:35  Roach x5  
  53  5:36  Roach  
  55  5:45  Zergling x2  
  55  5:46  Zergling x6  
  59  5:53  Drone x2  
  61  6:10  Roach x3  
  61  6:11  Roach x4  
  73  6:17  Hatchery  
  73  6:29  Roach  
  75  6:42  Centrifical Hooks  
  56  7:30  Glial Reconstitution, Zerg Missile Weapons Level 1  
  56  7:36  Drone, Zergling x2  
  51  7:37  Drone x5  
  51  7:38  Roach x2  
  51  7:39  Roach x2  
  55  7:50  Infestation Pit, Zergling x6, Extractor  
  55  7:51  Zergling x8  
  59  7:54  Roach x2  
  64  8:01  Drone x5, Overlord  
  64  8:02  Overlord x2  
  64  8:04  Overseer  
  69  8:08  Overlord  
  69  8:09  Overlord x2  
  69  8:10  Roach x2  
  73  8:15  Baneling  
  73  8:19  Extractor  
  72  8:20  Queen  
  74  8:29  Evolution Chamber  
  74  8:30  Spore Crawler  
  71  8:46  Queen x2  
  75  8:55  Zerg Ground Armor Level 1  
  57  9:15  Drone x2  
  57  9:16  Drone x2  
  55  9:18  Drone x3  
  55  9:21  Zergling x26  
  55  9:22  Zergling x4  
  73  9:42  Infestor  
  73  9:45  Baneling x2  
  75  9:46  Baneling  
  75  9:52  Drone x3  
  78  9:56  Drone x3  
  78  9:59  Drone x4  
  85  10:00  Overlord x2  
  85  10:06  Zergling x2  
  86  10:11  Drone  
  87  10:14  Zerg Missile Weapons Level 2  
  87  10:16  Roach x4  
  87  10:18  Roach  
  97  10:26  Extractor  
  97  10:27  Queen  
  98  10:30  Hatchery, Roach  
  98  10:31  Roach x6  
  111  10:37  Overlord  
  111  10:43  Drone x3  
  111  10:48  Spire  
  81  11:33  Zergling x2  
  81  11:34  Zergling x34  
  89  11:41  Hive  
  89  11:53  Pathogen Glands  
  89  11:55  Roach x5  
  89  11:57  Baneling x5  
  89  11:58  Baneling x3  
  88  12:19  Zergling x2  
  88  12:20  Zergling x36  
  104  12:35  Zerg Ground Armor Level 2  
  104  12:37  Zerg Melee Weapons Level 1  
  104  12:39  Hatchery  
  102  12:47  Overlord x2  
  102  12:48  Overseer, Overlord x2  
  102  12:52  Spore Crawler  
  79  13:18  Greater Spire  
  75  13:23  Roach  
  75  13:24  Roach x20  
  75  13:25  Roach x2  
  115  13:34  Infestor x3  
  119  13:49  Zergling x12  
  119  13:50  Zergling x8  
  125  14:01  Corruptor x2  
  129  14:03  Corruptor  
  129  14:08  Queen  
  133  14:10  Drone  
  133  14:11  Drone  
  133  14:13  Drone  
  133  14:15  Drone  
  133  14:16  Drone  
  134  14:32  Zerg Missile Weapons Level 3  
  134  14:33  Corruptor x3  
  134  14:36  Brood Lord  
  142  14:41  Drone  
  142  14:42  Drone x3  
  146  15:03  Zerg Ground Armor Level 3  
  146  15:05  Zergling x4  
  146  15:06  Zergling x4  
  145  15:16  Infestor x2  
  145  15:20  Brood Lord x2  
  153  15:21  Zergling x2  
  153  15:22  Overlord x2, Zergling x4  
  158  15:28  Brood Lord  
  158  15:29  Corruptor  
  158  15:34  Overlord x2  
  160  15:39  Drone x3  
  160  15:40  Drone  
  164  15:47  Baneling x5  
  164  15:48  Baneling x2  
  126  16:10  Corruptor  
  126  16:11  Corruptor x5  
  110  16:12  Corruptor  
  110  16:16  Zergling x2  
  110  16:17  Zergling x4  
  110  16:18  Zergling x2  
  120  16:22  Corruptor  
  120  16:27  Drone x3, Overlord  
  120  16:30  Extractor  
  120  16:31  Extractor  
  119  16:52  Zergling x20  
  119  16:53  Zergling x18  
  138  17:10  Drone x2  
  138  17:11  Drone x3  
  138  17:12  Drone  
Tags
 
Add a new tag
Caveats
  • Supply blocks, unpowered buildings, or Contaminate may cause inaccurate times.
  • Supply counts are checked every 10 seconds.